 Dungeon Crawl Stone Soup version bcrawl-1.41 (webtiles) character file.

Game seed: 5151639914724527117

131160 Galewind the Covered (level 4, 0/45 HPs)
             Began as a Minotaur Fighter on Apr 6, 2024.
             Succumbed to an adder's poison
             ... on level 3 of the Dungeon.
             The game lasted 00:01:58 (2154 turns).

Galewind the Covered (Minotaur Fighter)             Turns: 2154, Time: 00:01:58

Health: 0/45       AC:  7    Str: 22    XL:     4   Next: 55%
Magic:  3/3        EV:  5    Int: 10    God:
Gold:   160        SH:  9    Dex:  9    Spells: 3/3 levels left

rFire    . . .     GDR:     25% a - +0 flail
rCold    . . .     SeeInvis +   c - +0 medium shield
rNeg     . . .     Gourm    .   b - +0 scale mail
rPois    .         Faith    .   (helmet restricted)
rElec    .         Spirit   .   (no cloak)
rCorr    .         Reflect  .   (no gloves)
MR       .....     Rnd*Rage +   (no boots)
Stlth    ..........             (no amulet)
HPRegen  0.17/turn              (no ring)
MPRegen  0.08/turn              (no ring)

@: brilliant, lethally poisoned (0 -> -2), swift, flying, hasted, very quick
A: retaliatory headbutt, horns 2, see invisible, berserk 1, robust 1
a: no special abilities


You were on level 3 of the Dungeon.
You were near starving.

You visited 1 branch of the dungeon, and saw 3 of its levels.

You collected 160 gold pieces.

Inventory:

Hand Weapons
 a - a +0 flail (weapon)
Armour
 b - a +0 scale mail (worn)
 c - a +0 medium shield (worn)
Jewellery
 k - an uncursed ring of protection from magic {unknown}
Scrolls
 i - 6 scrolls of identify
 j - 3 scrolls of remove curse {unknown}
 l - 2 scrolls of teleportation {unknown}
 m - a scroll of blinking {unknown}
 n - 2 scrolls of enchant armour {unknown}
 o - 2 scrolls of noise {unknown}
 p - a scroll of fear {unknown}
 q - a scroll of immolation {unknown}
Potions
 d - 2 potions of might
Comestibles
 e - 4 rations {!d}


   Skills:
 + Level 4.3 Fighting
 + Level 3.7 Maces & Flails
 + Level 4.5 Armour
 + Level 4.4 Shields


You had 3 spell levels left.
You didn't know any spells.
Your spell library was empty.

Dungeon Overview and Level Annotations

Branches:
Dungeon (3/12)

Altars:
Nemelex Xobeh
Uskayaw
Vehumet


Innate Abilities, Weirdness & Mutations

You reflexively headbutt those who attack you in melee.
You have a pair of horns on your head.
You have supernaturally acute eyesight. (SInv)
You tend to lose your temper in combat.
You are robust. (+10% HP)


Message History

The orc wizard casts a spell.
The orc wizard blinks!
You sock the orc!
You kill the orc!
The orc wizard gestures at you while chanting.
You resist with some effort.
Items here: )))) [[[ ††††† You feel sick.
The orc wizard barely misses you.
You closely miss the orc wizard.
The orc wizard hits you but does no damage.
You closely miss the orc wizard. Your headbutt misses the orc wizard.
The orc wizard barely misses you. You block the orc wizard's attack.
You sock the orc wizard!
The orc wizard is severely wounded.
The orc wizard gestures at you while chanting.
The magic dart hits you.
* * * LOW HITPOINT WARNING * * *
You hit the orc wizard.
You kill the orc wizard!
You die...

...... ...
#....##.###
..........
#.........
#####.........
#.##..........
..#####)##..........
.)..................
#......@......#####.
#..####)#...### #.
#.#...# #.......
#.)...... #.......##
###....## ..


There were no monsters in sight!

Vanquished Creatures
  2 orc wizards (D:3)
  An adder (D:3)
  2 worms (D:2)
  4 leopard geckos (D:2)
  4 orcs
  2 giant cockroaches (D:2)
  9 goblins
  6 hobgoblins
  5 jackals (D:1)
  6 bats
  4 frilled lizards
  4 kobolds
  6 rats
55 creatures vanquished.

Notes
Turn   | Place    | Note
-------+----------+-------------------------------------------
     0 | D:1      | Galewind the Minotaur Fighter began the quest for the Orb.
     0 | D:1      | Reached XP level 1. HP: 19/19 MP: 0/0
   215 | D:1      | Reached XP level 2. HP: 27/27 MP: 1/1
  1262 | D:2      | Reached XP level 3. HP: 33/33 MP: 2/2
  1325 | D:2      | Found a sparkling altar of Nemelex Xobeh.
  1833 | D:2      | Found a hide-covered altar of Uskayaw.
  1923 | D:2      | Found a radiant altar of Vehumet.
  2112 | D:3      | Reached XP level 4. HP: 33/40 MP: 3/3
  2137 | D:3      | Gained mutation: You tend to lose your temper in combat.
                  | [potion of mutation]
  2137 | D:3      | Gained mutation: You have supernaturally acute eyesight.
                  | (SInv) [potion of mutation]
  2137 | D:3      | Gained mutation: You are robust. (+10% HP) [potion of
                  | mutation]
  2153 | D:3      | HP: 1/45 [orc wizard/magic dart (5)]
  2154 | D:3      | Succumbed to an adder's poison

Skill      XL: |  1  2  3 |
---------------+----------+-----
Shields        | 4 |  4.4
Fighting       | 4 |  4.3
Armour         | 4 |  4.5
Maces & Flails | 3 |  3.7

Action                   |  1- 3 |  4- 6 || total
-------------------------+-------+-------++-------
Melee: Flail             |   128 |    36 ||   164
       Headbutt          |     9 |     1 ||    10
  Use: Potion            |       |     4 ||     4
  Eat: Chunk             |     7 |       ||     7
Armor: Scale mail        |    43 |    18 ||    61
Dodge: Dodged            |    29 |     9 ||    38
Block: Medium shield     |    75 |    18 ||    93
